PL
ATLANTA SMOKE @ RICHARDSON CITY THUNDERCATS
06/04/2026
 
TOP OF THE 1ST
Atlanta Smoke batting - Pitching for Richardson City Thundercats : LHP Alec Pittman
Pitching: LHP Alec Pittman
Batting: RHB Bartolo Morales 0-0: Called Strike
0-1: Ground out 6-3 (Groundball, 6S)
Batting: RHB Layton Templeman 0-0: Ball
1-0: Called Strike
1-1: Ball
2-1: Called Strike
2-2: Fly out, F8 (Flyball, 8LM)
Batting: LHB Albert Morán 0-0: Fly out, F9 (Flyball, 9S)
Top of the 1st over - 0 run(s), 0 hit(s), 0 error(s), 0 left on base; Atlanta 0 - Richardson City 0
BOTTOM OF THE 1ST
Richardson City Thundercats batting - Pitching for Atlanta Smoke : RHP Fraser Cuevas
Pitching: RHP Fraser Cuevas
Batting: SHB Seishiro Nishimura 0-0: Fly out, F8 (Flyball, 8LS)
Batting: RHB Juan Cabrera 0-0: Ball
1-0: Called Strike
1-1: Fly out, F5 (Line Drive, 5S)
Batting: LHB Terrence Eler 0-0: Called Strike
0-1: Foul Ball, location: 2F
0-2: Fly out, F9 (Flyball, 9)
Bottom of the 1st over - 0 run(s), 0 hit(s), 0 error(s), 0 left on base; Atlanta 0 - Richardson City 0
TOP OF THE 2ND
Atlanta Smoke batting - Pitching for Richardson City Thundercats : LHP Alec Pittman
Batting: RHB Gabriel Maldonado 0-0: Ground out 6-3 (Groundball, 6)
Batting: LHB Ned Durand 0-0: Called Strike
0-1: Swinging Strike
0-2: Ball
1-2: Strikes out swinging
Batting: RHB Gerardo Castillo 0-0: Foul Ball, location: 2F
0-1: Swinging Strike
0-2: Strikes out swinging
Top of the 2nd over - 0 run(s), 0 hit(s), 0 error(s), 0 left on base; Atlanta 0 - Richardson City 0
BOTTOM OF THE 2ND
Richardson City Thundercats batting - Pitching for Atlanta Smoke : RHP Fraser Cuevas
Batting: LHB Fernando Ramírez 0-0: Ball
1-0: Called Strike
1-1: Foul Ball, location: 2F
1-2: Ground out 4-3 (Groundball, 4)
Batting: RHB José Cruz 0-0: Called Strike
0-1: Foul Ball, location: 2F
0-2: Foul Ball, location: 2F
0-2: Ball
1-2: Ball
2-2: Foul Ball, location: 2F
2-2: Foul Ball, location: 2F
2-2: DOUBLE (Line Drive, 7D)
Batting: LHB Eduardo Álvarez 0-0: Ball
1-0: Called Strike
José Cruz steals 3rd base
1-1: Ball
2-1: SINGLE (Groundball, 15S) (infield hit)
Batting: RHB Alden Wiley 0-0: Ball
1-0: Ball
2-0: Called Strike
2-1: Foul Ball, location: 2F
2-2: Ball
3-2: DOUBLE (Flyball, 78XD)
José Cruz scores
Eduardo Álvarez to third
Eduardo Álvarez scores
Batting: RHB Javier Rivera 0-0: Called Strike
0-1: Ball
1-1: Fly out, F9 (Flyball, 9S)
Batting: LHB Carroll Martin 0-0: Ball
1-0: Ball
2-0: Ball
3-0: Base on Balls
Batting: SHB Seishiro Nishimura 0-0: Called Strike
0-1: Fly out, F9 (Flyball, 9S)
Bottom of the 2nd over - 2 run(s), 3 hit(s), 0 error(s), 2 left on base; Atlanta 0 - Richardson City 2
TOP OF THE 3RD
Atlanta Smoke batting - Pitching for Richardson City Thundercats : LHP Alec Pittman
Batting: LHB Bernardo Elías 0-0: Called Strike
0-1: Ball
1-1: Ball
2-1: Fly out, F8 (Flyball, 8LM)
Batting: RHB Clarence Fox 0-0: Ball
1-0: Ground out 4-3 (Groundball, 4MS)
Batting: RHB Jack Weber 0-0: Ball
1-0: Called Strike
1-1: Fly out, F4 (Popup, 3D)
Top of the 3rd over - 0 run(s), 0 hit(s), 0 error(s), 0 left on base; Atlanta 0 - Richardson City 2
BOTTOM OF THE 3RD
Richardson City Thundercats batting - Pitching for Atlanta Smoke : RHP Fraser Cuevas
Batting: RHB Juan Cabrera 0-0: SINGLE (Groundball, 6MD)
Batting: LHB Terrence Eler 0-0: Ball
1-0: Ball
2-0: Called Strike
2-1: Ball
3-1: Grounds into double play, 1-6-3 (Groundball, 13)
Batting: LHB Fernando Ramírez 0-0: Ball
1-0: Swinging Strike
1-1: Foul Ball, location: 2F
1-2: Ball
2-2: Ball
3-2: Base on Balls
Batting: RHB José Cruz 0-0: Foul Ball, location: 2F
0-1: Fielders Choice at 2nd, 6-4 (Groundball, 6)
Bottom of the 3rd over - 0 run(s), 1 hit(s), 0 error(s), 0 left on base; Atlanta 0 - Richardson City 2
TOP OF THE 4TH
Atlanta Smoke batting - Pitching for Richardson City Thundercats : LHP Alec Pittman
Batting: RHB Bartolo Morales 0-0: Ball
1-0: Foul Ball, location: 2F
1-1: Fly out, F7 (Flyball, 78M)
Batting: RHB Layton Templeman 0-0: Foul Ball, location: 2F
0-1: Ball
1-1: Ball
2-1: Foul Ball, location: 2F
2-2: Strikes out swinging
Batting: LHB Albert Morán 0-0: Ball
1-0: Called Strike
1-1: Ball
2-1: Ball
3-1: Swinging Strike
3-2: Fly out, F9 (Line Drive, 89M)
Top of the 4th over - 0 run(s), 0 hit(s), 0 error(s), 0 left on base; Atlanta 0 - Richardson City 2
BOTTOM OF THE 4TH
Richardson City Thundercats batting - Pitching for Atlanta Smoke : RHP Fraser Cuevas
Batting: LHB Eduardo Álvarez 0-0: Called Strike
0-1: Foul Ball, location: 2F
0-2: Ball
1-2: Ball
2-2: Ball
3-2: Fly out, F7 (Flyball, 7LSF)
Batting: RHB Alden Wiley 0-0: Called Strike
0-1: Ground out 6-3 (Groundball, 6)
Batting: RHB Javier Rivera 0-0: Ball
1-0: Fly out, F9 (Flyball, 89S)
Bottom of the 4th over - 0 run(s), 0 hit(s), 0 error(s), 0 left on base; Atlanta 0 - Richardson City 2
TOP OF THE 5TH
Atlanta Smoke batting - Pitching for Richardson City Thundercats : LHP Alec Pittman
Batting: RHB Gabriel Maldonado 0-0: Called Strike
0-1: Ball
1-1: Swinging Strike
1-2: Ball
2-2: Strikes out swinging
Batting: LHB Ned Durand 0-0: Swinging Strike
0-1: Ball
1-1: Foul Ball, location: 2F
1-2: Fly out, F7 (Flyball, 7LS)
Batting: RHB Gerardo Castillo 0-0: Ball
1-0: SINGLE (Groundball, 4MD)
Batting: LHB Bernardo Elías 0-0: Called Strike
0-1: Ball
1-1: Ball
2-1: Ball
3-1: Base on Balls
Gerardo Castillo to second
Batting: RHB Clarence Fox 0-0: Foul Ball, location: 2F
0-1: Foul Ball, location: 2F
0-2: Foul Ball, location: 2F
0-2: Ball
1-2: Ball
2-2: Ball
3-2: Ground out 5-3 (Groundball, 56)
Top of the 5th over - 0 run(s), 1 hit(s), 0 error(s), 2 left on base; Atlanta 0 - Richardson City 2
BOTTOM OF THE 5TH
Richardson City Thundercats batting - Pitching for Atlanta Smoke : RHP Fraser Cuevas
Batting: LHB Carroll Martin 0-0: Ball
1-0: Ball
2-0: Called Strike
2-1: Ground out 3-1 (Groundball, 3D)
Batting: SHB Seishiro Nishimura 0-0: Called Strike
0-1: Ball
1-1: Ball
2-1: Ball
3-1: Foul Ball, location: 2F
3-2: Fly out, F8 (Flyball, 8LM)
Batting: RHB Juan Cabrera 0-0: Foul Ball, location: 2F
0-1: SINGLE (Line Drive, 78S)
Batting: LHB Terrence Eler 0-0: Ball
1-0: Ground out 4-3 (Groundball, 34)
Bottom of the 5th over - 0 run(s), 1 hit(s), 0 error(s), 1 left on base; Atlanta 0 - Richardson City 2
TOP OF THE 6TH
Atlanta Smoke batting - Pitching for Richardson City Thundercats : LHP Alec Pittman
Batting: RHB Jack Weber 0-0: Called Strike
0-1: Foul Ball, location: 2F
0-2: Foul Ball, location: 2F
0-2: Strikes out swinging
Batting: RHB Bartolo Morales 0-0: Called Strike
0-1: Ball
1-1: Ball
2-1: Foul Ball, location: 2F
2-2: Fly out, F7 (Line Drive, 7LM)
Batting: RHB Layton Templeman 0-0: Foul Ball, location: 2F
0-1: Ball
1-1: Ground out 4-3 (Groundball, 4)
Top of the 6th over - 0 run(s), 0 hit(s), 0 error(s), 0 left on base; Atlanta 0 - Richardson City 2
BOTTOM OF THE 6TH
Richardson City Thundercats batting - Pitching for Atlanta Smoke : RHP Fraser Cuevas
Batting: LHB Fernando Ramírez 0-0: Ball
1-0: SINGLE (Groundball, 4D)
Batting: RHB José Cruz 0-0: Called Strike
0-1: Ball
1-1: Ball
2-1: Foul Ball, location: 2F
2-2: Foul Ball, location: 2F
2-2: Ball
3-2: Foul Ball, location: 2F
3-2: SINGLE (Flyball, 9LS)
Fernando Ramírez to second
Batting: LHB Eduardo Álvarez 0-0: Ball
1-0: Ball
2-0: Ball
3-0: Called Strike
3-1: Swinging Strike
3-2: Strikes out swinging
Batting: RHB Alden Wiley 0-0: Ball
1-0: Foul Ball, location: 2F
1-1: Foul Ball, location: 2F
1-2: Ball
2-2: Foul Ball, location: 2F
2-2: Foul Ball, location: 2F
2-2: Foul Ball, location: 2F
2-2: Strikes out swinging
Pitching: RHP Ricardo Gómez
Batting: RHB Javier Rivera 0-0: Foul Ball, location: 2F
0-1: Called Strike
0-2: Foul Ball, location: 2F
0-2: Ball
1-2: DOUBLE (Line Drive, 8LXD)
Fernando Ramírez scores
José Cruz to third
Runner from 3rd tries for Home, SAFE, no throw
Batting: LHB Carroll Martin 0-0: Foul Ball, location: 2F
0-1: Ball
1-1: Ball
2-1: Ball
3-1: Base on Balls
Batting: SHB Seishiro Nishimura 0-0: Ball
1-0: Ball
2-0: Called Strike
2-1: Swinging Strike
2-2: Fielders Choice at 2nd, 4-6 (Groundball, 4)
Bottom of the 6th over - 2 run(s), 3 hit(s), 0 error(s), 1 left on base; Atlanta 0 - Richardson City 4
TOP OF THE 7TH
Atlanta Smoke batting - Pitching for Richardson City Thundercats : LHP Alec Pittman
Batting: LHB Albert Morán 0-0: SINGLE (Groundball, 6MD)
Batting: RHB Gabriel Maldonado 0-0: Ball
1-0: Called Strike
1-1: Ball
2-1: Ball
3-1: Fly out, F9 (Flyball, 89M)
Batting: LHB Ned Durand 0-0: Called Strike
0-1: SINGLE (Flyball, 8RS)
Albert Morán to second
Batting: RHB Gerardo Castillo 0-0: Ball
1-0: Ball
2-0: Foul Ball, location: 2F
2-1: Foul Ball, location: 2F
2-2: Grounds into double play, 6-4-3 (Groundball, 6M)
Top of the 7th over - 0 run(s), 2 hit(s), 0 error(s), 1 left on base; Atlanta 0 - Richardson City 4
BOTTOM OF THE 7TH
Richardson City Thundercats batting - Pitching for Atlanta Smoke : RHP Ricardo Gómez
Batting: RHB Juan Cabrera 0-0: Called Strike
0-1: Ball
1-1: Ball
2-1: Ball
3-1: Fly out, F6 (Line Drive, 6M)
Batting: LHB Terrence Eler 0-0: Called Strike
0-1: Swinging Strike
0-2: DOUBLE (Groundball, 3L)
Batting: LHB Fernando Ramírez 0-0: Intentional Walk
Batting: RHB José Cruz 0-0: 3-RUN HOME RUN (Flyball, 78XD), Distance : 409 ft
Batting: LHB Eduardo Álvarez 0-0: Foul Ball, location: 2F
0-1: Ball
1-1: Swinging Strike
1-2: Strikes out swinging
Batting: RHB Alden Wiley 0-0: Foul Ball, location: 2F
0-1: Ball
1-1: Called Strike
1-2: Foul Ball, location: 2F
1-2: Strikes out swinging
Bottom of the 7th over - 3 run(s), 2 hit(s), 0 error(s), 0 left on base; Atlanta 0 - Richardson City 7
TOP OF THE 8TH
Atlanta Smoke batting - Pitching for Richardson City Thundercats : LHP Alec Pittman
Now at 3B: Nate Cates
Batting: LHB Bernardo Elías 0-0: Swinging Strike
0-1: Ball
1-1: Ball
2-1: Ball
3-1: Foul Ball, location: 2F
3-2: Strikes out looking
Batting: RHB Clarence Fox 0-0: Swinging Strike
0-1: Ball
1-1: Ball
2-1: Called Strike
2-2: Ball
3-2: Base on Balls
Batting: RHB Jack Weber 0-0: Ball
1-0: Ball
2-0: Grounds into double play, 6-4-3 (Groundball, 6)
Top of the 8th over - 0 run(s), 0 hit(s), 0 error(s), 0 left on base; Atlanta 0 - Richardson City 7
BOTTOM OF THE 8TH
Richardson City Thundercats batting - Pitching for Atlanta Smoke : RHP Ricardo Gómez
Batting: RHB Nate Cates 0-0: Ball
1-0: Ball
2-0: Called Strike
2-1: Ball
3-1: Base on Balls
Batting: LHB Carroll Martin 0-0: Called Strike
0-1: Fielders Choice at 2nd, 4-6 (Groundball, 34)
Batting: SHB Seishiro Nishimura 0-0: Grounds into double play, 3-6-3 (Groundball, 3)
Bottom of the 8th over - 0 run(s), 0 hit(s), 0 error(s), 0 left on base; Atlanta 0 - Richardson City 7
TOP OF THE 9TH
Atlanta Smoke batting - Pitching for Richardson City Thundercats : LHP Alec Pittman
Batting: RHB Bartolo Morales 0-0: Ball
1-0: Ball
2-0: Called Strike
2-1: Swinging Strike
2-2: Fly out, F2 (Popup, 34S)
Batting: RHB Layton Templeman 0-0: Fly out, F8 (Flyball, 8LS)
Batting: LHB Albert Morán 0-0: Called Strike
0-1: Swinging Strike
0-2: Strikes out looking
Top of the 9th over - 0 run(s), 0 hit(s), 0 error(s), 0 left on base; Atlanta 0 - Richardson City 7
Monday, March 20th, 2017 - OOTP Baseball 17.12 Build 75